 Dungeon Crawl Stone Soup version 0.27-a0-1302-g7736ffe575 (webtiles) character file.

Game seed: 95432309704093801

19253 Ijustatesigmund the Blocker (level 12, -10/97 HPs)
             Began as a Gnoll Fighter on June 18, 2021.
             Was a Priest of Cheibriados.
             Mangled by a red ugly thing (14 damage)
             ... on level 12 of the Dungeon.
             The game lasted 00:25:08 (15365 turns).

Ijustatesigmund the Blocker (Gnoll Fighter)        Turns: 15365, Time: 00:25:09

Health: -10/97     AC:  8    Str: 27    XL:     12   Next: 67%
Magic:  23/23      EV: 23    Int: 19    God:    Cheibriados [***...]
Gold:   921        SH: 18    Dex: 18    Spells: 26/26 levels left

rFire    . . .     SeeInvis .   g - +9 demon trident "Testudineslayer" {venom, rC+ Str+3 Stlth+}
rCold    + . .     Faith    .   c - +0 kite shield
rNeg     . . .     Spirit   .   b - +0 troll leather armour
rPois    .         Reflect  +   n - +0 helmet
rElec    .         Harm     .   x - +0 cloak
rCorr    .         Rampage  .   (no gloves)
Will     .....                  (no boots)
Stlth    +++++.....             e - amulet of reflection
HPRegen  1.26/turn              B - +4 ring of evasion
MPRegen  0.18/turn              z - +4 ring of evasion

@: very slow
A: fangs 1, strong nose, distributed training
a: Renounce Religion, Bend Time, Temporal Distortion


You were on level 12 of the Dungeon.
You worshipped Cheibriados.
Cheibriados was most pleased with you.
You visited 2 branches of the dungeon, and saw 13 of its levels.
You also visited: Ossuary.

You collected 921 gold pieces.

Inventory:

Hand Weapons
 a - a +1 vampiric broad axe
 g - the +9 demon trident "Testudineslayer" (weapon) {venom, rC+ Str+3 Stlth+}
   (You acquired it on level 9 of the Dungeon)

   It poisons the flesh of those it strikes.
   It affects your strength (+3).
   It protects you from cold.
   It makes you more stealthy.
Missiles
 C - 2 throwing nets (quivered)
 H - 4 boomerangs of dispersal
Armour
 b - a +0 troll leather armour (worn)
 c - a +0 kite shield (worn)
 n - a +0 helmet (worn)
 v - the +8 ring mail of Forking Paths {Drain rCorr Int+2}
   (You found it on level 5 of the Dungeon)

   It affects your intelligence (+2).
   It protects you from acid and corrosion.
   It drains your maximum health when unequipped.
 x - a +0 cloak (worn)
Jewellery
 e - an amulet of reflection (around neck)
 y - a ring of see invisible
 z - a +4 ring of evasion (right hand)
 B - a +4 ring of evasion (left hand)
 I - a ring of ice
Wands
 f - a wand of iceblast (8)
 j - a wand of mindburst (18)
 u - a wand of flame (59)
 w - a wand of charming (7)
Scrolls
 i - a scroll of fog
 l - 2 scrolls of enchant weapon
 p - 9 scrolls of amnesia
 t - 10 scrolls of identify
 D - 2 scrolls of fear {unknown}
 E - 2 scrolls of enchant armour {unknown}
 F - a scroll of acquirement
 G - a scroll of torment {unknown}
Potions
 d - a potion of might
 h - a potion of curing
 k - 7 potions of attraction
 m - 3 potions of magic
 o - 2 potions of brilliance
 q - 4 potions of resistance
 r - a potion of flight
 s - 3 potions of invisibility
 A - 3 potions of lignification


   Skills:
 + Level 10.0 Fighting
 + Level 7.5 Short Blades
 + Level 7.5 Long Blades
 + Level 8.9 Axes
 + Level 7.5 Maces & Flails
 + Level 7.5 Polearms
 + Level 7.5 Staves
 + Level 7.5 Slings
 + Level 7.5 Bows
 + Level 7.5 Crossbows
 + Level 7.5 Throwing
 + Level 10.0 Armour
 + Level 7.5 Dodging
 + Level 7.5 Stealth
 + Level 10.0 Shields
 + Level 7.5 Unarmed Combat
 + Level 7.5 Spellcasting
 + Level 6.2 Conjurations
 + Level 6.2 Hexes
 + Level 6.2 Summonings
 + Level 6.2 Necromancy
 + Level 6.2 Translocations
 + Level 6.2 Transmutations
 + Level 6.2 Fire Magic
 + Level 6.2 Ice Magic
 + Level 6.2 Air Magic
 + Level 6.2 Earth Magic
 + Level 6.2 Poison Magic
 + Level 8.2 Invocations
 + Level 7.5 Evocations


You had 26 spell levels left.
You didn't know any spells.
Your spell library contained the following spells:

 Spells                   Type           Power      Damage    Failure   Level
 Beastly Appendage        Tmut           60%        N/A       1%          1
 Wereblood                Tmut           30%        N/A       2%          2
 Spider Form              Tmut/Pois      15%        N/A       4%          3
 Ice Form                 Ice/Tmut       30%        N/A       16%         4


Dungeon Overview and Level Annotations

Branches:
Dungeon (12/15)            Temple (1/1) D:4            Lair (0/6) D:8
    Orc (0/2) D:12        Ossuary (visited)

Altars:
Ashenzari
Cheibriados
Dithmenos
Elyvilon
Fedhas
Gozag
Hepliaklqana
Kikubaaqudgha
Makhleb
Nemelex Xobeh
Okawaru
Qazlal
Ru
Sif Muna
Trog
Uskayaw
Vehumet
Wu Jian
Xom
Yredelemnul
Zin
The Shining One
Beogh

Shops:
D:7 ?


Innate Abilities, Weirdness & Mutations

You have very sharp teeth.
Your uncanny sense of smell can sniff out nearby items.
Your experience applies equally to all skills.


Message History

I - a ring of ice You see here a vampire mosquito corpse.
As you open the door, it creaks loudly!
A red ugly thing comes into view.
Found a long sword and a scroll of teleportation.
A red ugly thing is nearby!
There is an open door here.
You reach to attack!
You completely miss the red ugly thing. You puncture the red ugly thing!
The red ugly thing is lightly wounded.
The red ugly thing claws you!
You are engulfed in flames!!
You hit the red ugly thing.
The red ugly thing is moderately wounded.
The red ugly thing claws you!
You are engulfed in flames!
You puncture the red ugly thing!
The red ugly thing looks as sick as possible!
The red ugly thing is heavily wounded.
The red ugly thing claws you!
You are engulfed in flames!!
* * * LOW HITPOINT WARNING * * *
You are too injured to fight recklessly!
You are too injured to fight recklessly!
You are too injured to fight recklessly!
You are too injured to fight recklessly!
You are too injured to fight recklessly!
You are too injured to fight recklessly!
You are too injured to fight recklessly!
You are too injured to fight recklessly!
You feel better. You block the red ugly thing's attack.
You closely miss the red ugly thing.
The red ugly thing is severely wounded.
The red ugly thing claws you.
* * * LOW HITPOINT WARNING * * *
You are engulfed in flames!!
* * * LOW HITPOINT WARNING * * *
Your shield prevents you from hitting the red ugly thing.
The red ugly thing is severely wounded.
The red ugly thing claws you.
* * * LOW HITPOINT WARNING * * *
You are engulfed in flames!
You die...

###########
#####.........# #######
....†.........###....?..
.####...........@u.)....
## #.........###.......
########### #......
.....>. ##+### .....}.
..⌠.._. ....... .....8.
# ###8'8####


You could see a red ugly thing (extremely poisoned).

Vanquished Creatures
  A hydra (D:12)
  6 two-headed ogres
  Nergalle (D:11)
  An orc knight (D:12)
  2 ugly things
  An elephant (D:8)
  A gargoyle (D:6)
  Psyche (D:8)
  A komodo dragon (D:11)
  5 trolls
  Prince Ribbit (D:7)
  2 wraiths (D:11)
  10 yaks
  4 fire bats (D:9)
  2 steam dragons (D:8)
  Menkaure (D:6)
  11 vampire mosquitoes
  An acid dragon (D:12)
  A hell hound (D:9)
  19 orc warriors
  An ice beast (D:7)
  3 black bears (D:8)
  An ogre (D:6)
  A phantom (D:4)
  4 centaurs
  2 elf zombies (D:4)
  2 bullfrogs
  A gnoll sergeant (D:6)
  A wyvern zombie (D:5)
  9 scorpions
  An elf skeleton (D:4)
  3 killer bees (D:10)
  A wight (D:8)
  2 vampire bats (D:8)
  2 electric eels (D:8)
  4 howler monkeys
  5 centaur zombies
  6 human zombies
  2 lava snakes (D:9)
  3 hounds
  7 orc priests
  2 jellies
  A centaur skeleton (D:7)
  5 gnoll shamans (D:9)
  3 scorpion zombies (Ossuary)
  5 orc wizards
  3 mummies (Ossuary)
  15 gnolls
  A howler monkey skeleton (D:4)
  5 adders
  A white imp (D:7)
  2 worms (D:2)
  5 dart slugs
  72 orcs
  3 bats
  5 bat skeletons (D:8)
  A bat zombie (D:8)
  3 endoplasms
  3 giant cockroaches
  3 gnoll zombies (Ossuary)
  9 goblins
  8 hobgoblins
  2 jackals (D:2)
  A quokka (D:2)
  7 ball pythons
  2 frilled lizards
  3 goblin zombies (Ossuary)
  3 hobgoblin zombies (Ossuary)
  7 kobolds
  3 orc zombies
  A quokka skeleton (D:4)
  3 rats (D:1)
  2 fire vortices (D:9)
322 creatures vanquished.

Vanquished Creatures (collateral kills)
  An ogre (D:6)
  2 wights (D:8)
  3 gnolls (D:9)
6 creatures vanquished.

Vanquished Creatures (others)
  A deep elf pyromancer (D:12)
  A wizard (D:5)
  An orc warrior (D:12)
  A scorpion (Ossuary)
  2 orcs (D:6)
  A fire vortex (D:9)
  8 plants
15 creatures vanquished.

Grand Total: 343 creatures vanquished

Notes
Turn   | Place    | Note
-------+----------+-------------------------------------------
     0 | D:1      | Ijustatesigmund the Gnoll Fighter began the quest for the
                  | Orb.
     0 | D:1      | Reached XP level 1. HP: 23/23 MP: 1/1
   270 | D:1      | Reached XP level 2. HP: 29/29 MP: 2/2
   695 | D:1      | Reached XP level 3. HP: 35/35 MP: 3/3
  1057 | D:2      | Reached skill level 1 in Short Blades
  1057 | D:2      | Reached skill level 1 in Long Blades
  1057 | D:2      | Reached skill level 1 in Maces & Flails
  1057 | D:2      | Reached skill level 1 in Polearms
  1057 | D:2      | Reached skill level 1 in Staves
  1057 | D:2      | Reached skill level 1 in Slings
  1057 | D:2      | Reached skill level 1 in Bows
  1057 | D:2      | Reached skill level 1 in Crossbows
  1057 | D:2      | Reached skill level 1 in Throwing
  1057 | D:2      | Reached skill level 1 in Dodging
  1057 | D:2      | Reached skill level 1 in Stealth
  1057 | D:2      | Reached skill level 1 in Unarmed Combat
  1057 | D:2      | Reached skill level 1 in Spellcasting
  1057 | D:2      | Reached skill level 1 in Invocations
  1057 | D:2      | Reached skill level 1 in Evocations
  1427 | D:2      | Reached XP level 4. HP: 41/41 MP: 5/5
  1738 | D:2      | Found a faded altar of an unknown god.
  2006 | D:2      | Reached skill level 1 in Conjurations
  2006 | D:2      | Reached skill level 1 in Hexes
  2006 | D:2      | Reached skill level 1 in Summonings
  2006 | D:2      | Reached skill level 1 in Necromancy
  2006 | D:2      | Reached skill level 1 in Translocations
  2006 | D:2      | Reached skill level 1 in Transmutations
  2006 | D:2      | Reached skill level 1 in Fire Magic
  2006 | D:2      | Reached skill level 1 in Ice Magic
  2006 | D:2      | Reached skill level 1 in Air Magic
  2006 | D:2      | Reached skill level 1 in Earth Magic
  2006 | D:2      | Reached skill level 1 in Poison Magic
  2485 | D:3      | Reached XP level 5. HP: 32/47 MP: 6/6
  3615 | D:4      | Found a staircase to the Ecumenical Temple.
  3751 | D:4      | Noticed a phantom
  3767 | D:4      | Killed a phantom
  3768 | D:4      | Reached XP level 6. HP: 27/53 MP: 8/8
  3784 | D:4      | Reached skill level 5 in Axes
  3845 | D:4      | Found a sand-covered staircase.
  3888 | Ossuary  | Entered an ossuary
  3983 | Ossuary  | Reached XP level 7. HP: 37/59 MP: 10/10
  4770 | Ossuary  | Reached XP level 8. HP: 51/67 MP: 12/12
  5579 | D:4      | Found a shimmering altar of Xom.
  5874 | D:5      | Entered Level 5 of the Dungeon
  6078 | D:5      | Found a bloodstained altar of Trog.
  6097 | D:5      | Noticed a wizard
  6101 | D:5      | Killed a wizard
  6218 | D:5      | Identified the +8 ring mail of Forking Paths {Drain rCorr
                  | Int+2}
  6223 | D:5      | Found a shimmering blue altar of Sif Muna.
  6457 | D:6      | Noticed a gargoyle
  6484 | D:6      | Killed a gargoyle
  6485 | D:6      | Reached XP level 9. HP: 39/73 MP: 14/14
  6741 | D:6      | Noticed Menkaure
  6751 | D:6      | Killed Menkaure
  7205 | D:6      | Found an iron altar of Okawaru.
  7719 | D:6      | Found a runed translucent door.
  8054 | D:7      | Found Zujiuquv's Magic Scroll Boutique.
  8055 | D:7      | Noticed a green ugly thing
  8065 | D:7      | Killed a green ugly thing
  8685 | D:7      | Reached skill level 5 in Invocations
  8823 | D:7      | Noticed a two-headed ogre
  8824 | D:7      | Noticed Prince Ribbit
  8896 | D:9      | Identified a scroll of acquirement
  8896 | D:9      | Acquired the +9 demon trident "Testudineslayer" {venom, rC+
                  | Str+3 Stlth+}
  8899 | D:9      | Noticed a two-headed ogre
  8906 | D:9      | HP: 2/74 [killer bee (2)]
  8907 | D:10     | Entered Level 10 of the Dungeon
  9317 | D:10     | Found a hazy altar of Hepliaklqana.
  9379 | D:10     | Found an opulent altar of Gozag.
  9411 | D:10     | Noticed a two-headed ogre
  9651 | D:8      | Noticed an elephant
  9652 | D:8      | Found a staircase to the Lair.
  9659 | D:8      | Reached XP level 10. HP: 68/80 MP: 17/17
  9665 | D:8      | Killed an elephant
  9666 | D:8      | Reached skill level 5 in Short Blades
  9666 | D:8      | Reached skill level 5 in Long Blades
  9666 | D:8      | Reached skill level 5 in Maces & Flails
  9666 | D:8      | Reached skill level 5 in Polearms
  9666 | D:8      | Reached skill level 5 in Staves
  9666 | D:8      | Reached skill level 5 in Slings
  9666 | D:8      | Reached skill level 5 in Bows
  9666 | D:8      | Reached skill level 5 in Crossbows
  9666 | D:8      | Reached skill level 5 in Throwing
  9666 | D:8      | Reached skill level 5 in Dodging
  9666 | D:8      | Reached skill level 5 in Stealth
  9666 | D:8      | Reached skill level 5 in Unarmed Combat
  9666 | D:8      | Reached skill level 5 in Spellcasting
  9666 | D:8      | Reached skill level 5 in Evocations
  9914 | D:8      | Noticed Psyche
  9918 | D:8      | Killed Psyche
 10015 | D:7      | Killed Prince Ribbit
 10949 | D:8      | You fall into a shaft and drop 2 floors!
 10990 | D:10     | Reached XP level 11. HP: 69/87 MP: 19/19
 11193 | D:10     | Killed a two-headed ogre
 11549 | D:10     | Killed a two-headed ogre
 11550 | D:10     | Reached skill level 5 in Conjurations
 11550 | D:10     | Reached skill level 5 in Hexes
 11550 | D:10     | Reached skill level 5 in Summonings
 11550 | D:10     | Reached skill level 5 in Necromancy
 11550 | D:10     | Reached skill level 5 in Translocations
 11550 | D:10     | Reached skill level 5 in Transmutations
 11550 | D:10     | Reached skill level 5 in Fire Magic
 11550 | D:10     | Reached skill level 5 in Ice Magic
 11550 | D:10     | Reached skill level 5 in Air Magic
 11550 | D:10     | Reached skill level 5 in Earth Magic
 11550 | D:10     | Reached skill level 5 in Poison Magic
 11914 | D:9      | Killed a two-headed ogre
 13054 | Temple   | Entered the Ecumenical Temple
 13178 | Temple   | Became a worshipper of Cheibriados the Contemplative
 13494 | D:8      | Found an ancient bone altar of Kikubaaqudgha.
 13910 | D:11     | Noticed Nergalle
 13922 | D:11     | Killed Nergalle
 14232 | D:11     | Reached * piety under Cheibriados
 14299 | D:11     | Noticed a two-headed ogre
 14306 | D:11     | Killed a two-headed ogre
 14458 | D:11     | Noticed a two-headed ogre
 14473 | D:11     | Killed a two-headed ogre
 14474 | D:11     | Reached XP level 12. HP: 63/96 MP: 22/22
 14502 | D:11     | Noticed a two-headed ogre
 14510 | D:11     | Killed a two-headed ogre
 14917 | D:12     | Reached ** piety under Cheibriados
 15004 | D:12     | Noticed a four-headed hydra
 15013 | D:12     | Killed a four-headed hydra
 15268 | D:12     | Reached skill level 10 in Fighting
 15268 | D:12     | Reached skill level 10 in Armour
 15268 | D:12     | Reached skill level 10 in Shields
 15277 | D:12     | Found a staircase to the Orcish Mines.
 15286 | D:12     | Reached *** piety under Cheibriados
 15364 | D:12     | HP: 3/97 [red ugly thing (23)]
 15365 | D:12     | Mangled by a red ugly thing

Illustrated notes

Levels and vault maps discovered:
D:1:      psy_arrival_basics, layout_loops_cross, hangedman_decor_points,
          dk_noncrumbling_2
D:2:      layout_rooms, shapermc_ecumenical_altar_mp_ritualfount,
          grunt_ministairs_5
D:3:      layout_loops_corners, serial_bayou_pond_d
D:4:      layout_basic, lemuel_round_altar, temple_pool_b,
          nicolae_ossuary_entry_catacombs
D:5:      layout_rooms, trog_wizard, lemuel_round_altar
D:6:      layout_cave_pools, okawaru_altar_gauntlet_db, lightli_church_of_beogh,
          uniq_menkaure
D:7:      layout_basic, serial_shops, nicolae_shop_crystal, uniq_prince_ribbit1
D:8:      cheibrodos_steamvent, layout_basic, kennysheep_vampire_church,
          david_lair_generic, serial_bayou_ford_a, corexii_corridor_pit,
          uniq_psyche
D:9:      layout_cave_pools, serial_gnoll_camp, gnoll_camp_mini_hut,
          gnoll_camp_mini_hut, gnoll_camp_mini_hut, gnoll_camp_mini_basic,
          hangedman_incinerator
D:10:     layout_gridville, old_standard_altar, nicolae_overflow_crystal_walls,
          chequers_jeans
D:11:     layout_loops_corners, uniq_nergalle
D:12:     layout_roguey [special_room_orc], david_orc_5
Temple:   regret_index_temple_waves

Skill      XL: |  1  2  3  4  5  6  7  8  9 10 11 12 |
---------------+-------------------------------------+-----
Short Blades   | 1 2 3 4 5 6 7 |  7.5
Long Blades    | 1 2 3 4 5 6 7 |  7.5
Maces & Flails | 1 2 3 4 5 6 7 |  7.5
Polearms       | 1 2 3 4 5 6 7 |  7.5
Staves         | 1 2 3 4 5 6 7 |  7.5
Slings         | 1 2 3 4 5 6 7 |  7.5
Bows           | 1 2 3 4 5 6 7 |  7.5
Crossbows      | 1 2 3 4 5 6 7 |  7.5
Throwing       | 1 2 3 4 5 6 7 |  7.5
Dodging        | 1 2 3 4 5 6 7 |  7.5
Stealth        | 1 2 3 4 5 6 7 |  7.5
Unarmed Combat | 1 2 3 4 5 6 7 |  7.5
Spellcasting   | 1 2 3 4 5 6 7 |  7.5
Invocations    | 1 2 3 4 5 6 7 8 |  8.2
Evocations     | 1 2 3 4 5 6 7 |  7.5
Conjurations   | 1 2 3 4 5 6 |  6.2
Hexes          | 1 2 3 4 5 6 |  6.2
Summonings     | 1 2 3 4 5 6 |  6.2
Necromancy     | 1 2 3 4 5 6 |  6.2
Translocations | 1 2 3 4 5 6 |  6.2
Transmutations | 1 2 3 4 5 6 |  6.2
Fire Magic     | 1 2 3 4 5 6 |  6.2
Ice Magic      | 1 2 3 4 5 6 |  6.2
Air Magic      | 1 2 3 4 5 6 |  6.2
Earth Magic    | 1 2 3 4 5 6 |  6.2
Poison Magic   | 1 2 3 4 5 6 |  6.2
Axes           | 5 6 7 8 |  8.9
Fighting       | 7 8 9 10 | 10.0
Armour         | 7 8 9 10 | 10.0
Shields        | 7 8 9 10 | 10.0

Action                   |  1- 3 |  4- 6 |  7- 9 | 10-12 || total
-------------------------+-------+-------+-------+-------++-------
Melee: War axe           |    80 |   150 |   337 |       ||   567
       Bite              |     5 |    16 |    45 |    54 ||   120
       Demon trident     |       |       |    24 |   520 ||   544
Evoke: Wand              |       |       |    11 |     5 ||    16
  Use: Scroll            |       |     5 |    19 |     1 ||    25
       Potion            |       |     3 |     9 |     1 ||    13
 Stab: Sleeping          |       |       |       |    14 ||    14
       Distracted        |       |       |       |     1 ||     1
Armor: Scale mail        |    46 |    46 |   126 |    36 ||   254
       Troll leather arm |       |       |       |    21 ||    21
Dodge: Dodged            |    28 |    46 |   129 |   226 ||   429
Block: Kite shield       |    48 |    97 |   296 |   350 ||   791
       Reflection        |       |       |    10 |     9 ||    19

Table legend: (Time is in decaauts)
 A = Elapsed time spent in this place.
 B = Non-inter-level travel time spent in this place.
 C = Inter-level travel time spent in this place.
 D = Time resting spent in this place.
 E = Time spent auto-exploring this place.
 F = Levels seen in this place.
 G = Mean time per level.
                   A        B        C        D        E       F      G
               +--------+--------+--------+--------+--------+-----+--------+
         Total |  16286 |  15582 |    704 |   3859 |   8991 |  14 | 1163.3 |
       Dungeon |  14652 |  14012 |    640 |   3066 |   8573 |  12 | 1221.0 |
        Temple |    203 |    139 |     64 |      0 |    138 |   1 |  203.0 |
       Ossuary |   1430 |   1430 |      0 |    793 |    280 |   1 | 1430.0 |
               +--------+--------+--------+--------+--------+-----+--------+

Top non-repeatable levels by time:
    D:10: 2080 daAuts
     D:6: 1589 daAuts
     D:2: 1581 daAuts
 Ossuary: 1430 daAuts
     D:8: 1324 daAuts
     D:7: 1175 daAuts
     D:3: 1146 daAuts
    D:11: 1133 daAuts
     D:9: 1104 daAuts
     D:4: 974 daAuts
     D:1: 955 daAuts
     D:5: 832 daAuts
    D:12: 755 daAuts
  Temple: 203 daAuts
